 Dungeon Crawl Stone Soup version 0.18.1-47-g9310371 (webtiles) character file.

372 Chikkuri the Grasshopper (level 6, -2/48 HPs)
             Began as a Centaur Warper on June 16, 2016.
             Shot with an arrow by a centaur (9 damage)
             ... on level 5 of the Dungeon.
             The game lasted 00:30:28 (5414 turns).

Chikkuri the Grasshopper (Centaur Warper)           Turns: 5414, Time: 00:30:28

Health: -2/48      AC:  5    Str: 15      XL:     6   Next: 43%
Magic:  8/8        EV:  3    Int: 12      God:
Gold:   168        SH:  0    Dex:  8 (9)  Spells: 2 memorised, 5 levels left

rFire  . . .     SeeInvis .     p - +0 falchion
rCold  . . .     Gourm    .     h - +0 ring mail
rNeg   . . .     Faith    .     (no shield)
rPois  .         Spirit   .     (no helmet)
rElec  .         Dismiss  .     (no cloak)
rCorr  .         Reflect  .     (no gloves)
SustAt .         Harm     .     (no barding)
MR     +....                    (no amulet)
Stlth  ..........               (no ring)
                                v - ring of protection from magic

@: very quick, somewhat resistant to hostile enchantments, extremely unstealthy
A: hooves 3, deformed body, speed 2, tough skin 3
a: no special abilities


You were on level 5 of the Dungeon.
You were near starving.

You visited 1 branch of the dungeon, and saw 6 of its levels.

You collected 168 gold pieces.

Inventory:

Hand Weapons
 g - a +0 battleaxe
 p - a +0 falchion (weapon)
 t - a +0 mace of crushing
 w - a +0 flail
 y - a +1 hunting sling
Missiles
 d - 4 tomahawks of dispersal
 q - 79 bolts
 r - 66 arrows
 z - 98 stones (quivered)
 C - 7 tomahawks
Armour
 a - a +2 leather armour
 h - a +0 ring mail (worn)
 i - a +0 helmet
Magical Staves
 u - an uncursed staff of air
Jewellery
 k - an uncursed ring of teleportation
 v - a ring of protection from magic (left hand)
Wands
 e - a wand of lightning (12/15)
 s - a wand of lightning (6/15)
Scrolls
 c - 3 scrolls of blinking
 l - 7 scrolls of identify
 n - a scroll of immolation {unknown}
 x - a scroll of random uselessness {unknown}
Potions
 m - a potion of brilliance
 o - a potion of heal wounds
Books
 b - a book of Spatial Translocations

   Spells                             Type                      Level
   a - Apportation                    Translocation                1
   b - Blink                          Translocation                2
   c - Shroud of Golubria             Charms/Translocation         2
   d - Portal Projectile              Translocation                3
   e - Teleport Other                 Translocation                3
   f - Passage of Golubria            Translocation                4
Comestibles
 f - 4 bread rations
 j - a fruit


   Skills:
 - Level 2.0 Fighting
 + Level 3.6 Throwing
 - Level 0.6 Armour
 - Level 1.3 Dodging
 - Level 3.0 Unarmed Combat
 - Level 1.5 Spellcasting
 - Level 5.5 Translocations


You had 5 spell levels left.
You knew the following spells:

 Your Spells              Type           Power        Failure   Level  Hunger
a - Apportation           Tloc           ##........   10%         1    ##.....
b - Blink                 Tloc           N/A          12%         2    ###....


Dungeon Overview and Level Annotations

Branches:
Dungeon (6/15)
 Temple: D:4-7

Altars:
Ashenzari
Okawaru
Pakellas
Trog
Xom
Zin
The Shining One

Annotations:
D:3 Chikkuri's ghost, amateur CeWr; Jessica
D:5 Dowan; Duvessa


Innate Abilities, Weirdness & Mutations

You have hooves in place of feet.
Armour fits poorly on your strangely shaped body.
You cover ground very quickly.
You have extremely tough skin (AC +3).


Message History

Deactivating autopickup; reactivate with Ctrl-A.
You see here a scroll labeled COMUIBR HENTEC.
x - a scroll labeled COMUIBR HENTEC A centaur comes into view.
The centaur shouts!
The centaur wields a shortbow.
The centaur shoots an arrow.
The arrow hits you.
You see here an arrow.
The centaur shoots an arrow.
The arrow barely misses you.
The centaur shoots an arrow.
The arrow hits you.
You see here an arrow.
The centaur shoots an arrow.
The arrow hits you.
You see here an arrow.
The centaur shoots an arrow.
The arrow hits you.
You see here an arrow.
The centaur shoots an arrow.
The arrow hits you!
* * * LOW HITPOINT WARNING * * *
You see here an arrow.
There is a stone staircase leading down here.
The centaur shoots an arrow.
The arrow hits you!
You die...

,,,,,*** #.....## *..,,,,
*****,,** ##......## *#..*,,, *
**,,* **##..#...c.###.#****, *
#..# *,,............#* *. ## #..#
#.###.###.....#####*#. .# #..#
#.#.....#.c....##.##.. .# #..#
#.#.....#.#....#.#...# .##
#..####.......((.((.......#,
..####....##.#..@..#..##.(.#...##
..##o........#.....#..##.........
.........5...###.###.#..#....#...
........#....!......$.#..........
#####..###..........#.###.....#..
# #### #.......##...##.........
#.....#.##.#........##..
#.........,.....##.###..
##....###......#*#......


You could see a centaur.

Vanquished Creatures
  A phantom (D:4)
  A giant frog (D:6)
  A hound (D:4)
  An orc priest (D:3)
  2 worker ants
  2 adders
  A gnoll (D:4)
  A shadow imp (D:6)
  An ooze (D:3)
  2 dart slugs
  4 giant geckos
  7 orcs
  6 bats
  A giant cockroach (D:4)
  12 goblins
  7 hobgoblins
  6 jackals (D:2)
  A quokka (D:4)
  4 giant newts
  A jackal skeleton (D:4)
  3 kobolds
  7 rats
72 creatures vanquished.

Vanquished Creatures (others)
  A quokka (D:4)
1 creature vanquished.

Grand Total: 73 creatures vanquished

Notes
Turn   | Place    | Note
--------------------------------------------------------------
     0 | D:1      | Chikkuri the Centaur Warper began the quest for the Orb.
     0 | D:1      | Reached XP level 1. HP: 17/17 MP: 3/3
   211 | D:1      | Reached XP level 2. HP: 20/24 MP: 4/4
   220 | D:1      | Learned a level 2 spell: Blink
  1228 | D:2      | Reached XP level 3. HP: 29/29 MP: 5/5
  1909 | D:2      | Found a glowing golden altar of the Shining One.
  1921 | D:2      | Found a bloodstained altar of Trog.
  1925 | D:2      | Found an oddly glowing altar of Pakellas.
  1982 | D:3      | Noticed Chikkuri's ghost (amateur CeWr)
  2588 | D:4      | Noticed a phantom
  2610 | D:4      | Reached skill level 3 in Translocations
  2610 | D:4      | Reached XP level 4. HP: 15/36 MP: 3/6
  2634 | D:4      | Killed a phantom
  2634 | D:4      | Reached skill level 4 in Translocations
  2634 | D:4      | Reached XP level 5. HP: 41/41 MP: 7/7
  2703 | D:4      | Noticed a phantom
  2770 | D:5      | Entered Level 5 of the Dungeon
  2810 | D:4      | Noticed an ogre
  3065 | D:3      | Found an iron altar of Okawaru.
  3116 | D:4      | Found a glowing silver altar of Zin.
  3116 | D:4      | Noticed an angel
  3117 | D:4      | Found a shimmering altar of Xom.
  3152 | D:4      | HP: 1/41 [gnoll/spear (5)]
  3294 | D:5      | Noticed Duvessa
  3435 | D:6      | Reached skill level 5 in Translocations
  3647 | D:6      | Found a shattered altar of Ashenzari.
  3720 | D:6      | Noticed an ogre
  3800 | D:6      | Reached XP level 6. HP: 13/48 MP: 2/8
  5074 | D:3      | Noticed Jessica
  5371 | D:5      | Noticed Dowan
  5371 | D:5      | Noticed a sky beast
  5414 | D:5      | Shot with an arrow by a centaur

Skill      XL: |  1  2  3  4  5 |
---------------+----------------+-----
Throwing       | 2 3 |  3.6
Unarmed Combat | 3 |  3.0
Translocations | 3 4 5 |  5.5
Fighting       | |  2.0
Armour         | |  0.6
Dodging        | |  1.3
Spellcasting   | |  1.5

Action                   |  1- 3 |  4- 6 || total
-------------------------+-------+-------++-------
Melee: Unarmed           |   145 |    79 ||   224
       Kick              |    21 |    13 ||    34
       Staff             |    20 |       ||    20
       Battleaxe         |       |     5 ||     5
       Punch             |       |     1 ||     1
       Falchion          |       |    18 ||    18
       Hunting sling     |       |     1 ||     1
 Fire: Hunting sling     |    34 |    70 ||   104
Throw: Tomahawk          |     1 |       ||     1
       Stone             |     3 |     1 ||     4
 Cast: Blink             |     4 |    14 ||    18
Evoke: Wand              |       |     5 ||     5
  Use: Potion            |     4 |     8 ||    12
       Scroll            |     2 |    12 ||    14
  Eat: Chunk             |     3 |       ||     3
       Meat ration       |     1 |       ||     1
       Beef jerky        |     1 |       ||     1
       Fruit             |       |     2 ||     2
Armor: Leather armour    |    69 |    10 ||    79
       Skin              |     3 |     3 ||     6
       Ring mail         |       |    31 ||    31
Dodge: Dodged            |   114 |    69 ||   183
